 Dungeon Crawl Stone Soup version 0.31-a0-4-gefa6de2278 (webtiles) character file.

Game seed: 9328046463692058390

1310 2FriedEggs the Ruffian (level 8, -1/79 HPs)
             Began as a Troll Fighter on May 3, 2023.
             Shot with an arrow by a centaur (13 damage)
             ... on level 5 of the Dungeon.
             The game lasted 00:07:17 (3736 turns).

2FriedEggs the Ruffian (Troll Fighter)              Turns: 3736, Time: 00:07:17

Health: -1/79      AC:  4    Str: 27    XL:     8   Next: 32%
Magic:  7/7        EV:  9    Int:  4    God:
Gold:   145        SH:  8    Dex:  9    Spells: 7/7 levels left

rFire   . .          .
                       - Unarmed
rCold   . . .        b - +0 kite shield
rNeg    . . .        a - +0 robe
rPois   +            (helmet restricted)
rElec   .            (no cloak)
rCorr   .            (gloves unavailable)
SInv    .            (boots unavailable)
Will    .....        (no amulet)
Stlth   +            k - ring of poison resistance
HPRegen 1.13/turn    (no ring)
MPRegen 0.10/turn

%: no passive effects
@: no status effects
A: large, unfitting armour, claws 3, regeneration 1, shaggy fur 1, tough skin 1
a: no special abilities


You were on level 5 of the Dungeon.
You visited 1 branch of the dungeon, and saw 5 of its levels.

You collected 249 gold pieces.
You spent 104 gold pieces at shops.

Inventory:

Missiles
 h - 7 boomerangs (quivered)
Armour
 a - a +0 robe (worn)
 b - a +0 kite shield (worn)
Jewellery
 k - a ring of poison resistance (left claw)
 l - a ring of fire
 x - a ring of willpower
Wands
 t - a wand of flame (25)
Scrolls
 d - 4 scrolls of identify
 e - a scroll of fear {unknown}
 f - a scroll of fog {unknown}
 i - 2 scrolls of teleportation {unknown}
 j - a scroll of acquirement {unknown}
 n - a scroll of poison
 q - 2 scrolls of magic mapping
 s - a scroll of vulnerability {unknown}
 w - a scroll of noise {unknown}
Potions
 c - 2 potions of might
 g - a potion of ambrosia {unknown}
 m - a potion of cancellation {unknown}
 o - 2 potions of degeneration {unknown}
 p - 2 potions of curing {unknown}
 r - 2 potions of heal wounds {unknown}
 u - a potion of mutation {unknown}
 v - a potion of resistance {unknown}


   Skills:
 + Level 4.9 Fighting
 - Level 2.4 Dodging
 + Level 5.2 Shields
 * Level 7.5 Unarmed Combat


You had 7 spell levels left.
You didn't know any spells.
Your spell library contained the following spells:

 Spells                   Type           Power      Damage    Failure   Level
 Summon Small Mammal      Summ           0%         N/A       73%         1
 Call Canine Familiar     Summ           0%         N/A       97%         3
 Gell's Gravitas          Tloc           0%         N/A       97%         3
 Summon Guardian Golem    Hex/Summ       0%         N/A       97%         3
 Teleport Other           Tloc           0%         N/A       97%         3
 Dispersal                Tloc           0%         N/A       100%        6


Dungeon Overview and Level Annotations

Branches:
Dungeon (5/15)
 Temple: D:4-7

Altars:
Fedhas
Kikubaaqudgha
Okawaru
Ru

Shops:
D:2 *


Innate Abilities, Weirdness & Mutations

You are too large for most types of armour.
You have claws for hands.
Your natural rate of healing is unusually fast.
You are covered in fur. (AC +1)
You have tough skin. (AC +1)


Message History

Something kicks the bush but does no damage.
Something hits the bush.
Something kicks the bush but does no damage.
Something hits the bush but does no damage.
Something kicks the bush but does no damage.
Something hits the bush but does no damage.
Something kicks the bush but does no damage.
Something hits the bush.
Something kicks the bush but does no damage.
Something hits the bush.
Something kicks the bush but does no damage.
Something hits the bush but does no damage.
Something kicks the bush but does no damage.
Something hits the bush but does no damage.
Something kicks the bush but does no damage.
Something hits the bush but does no damage.
Something kicks the bush but does no damage.
The centaur shouts!
The centaur wields a +0 shortbow.
The centaur shoots an arrow.
You block the arrow.
The centaur shoots an arrow.
The arrow hits you!
The centaur shoots an arrow.
You block the arrow.
The centaur shoots an arrow.
The arrow hits you.
The centaur shoots an arrow.
You block the arrow.
The centaur shoots an arrow.
The arrow hits you!
The centaur shoots an arrow.
The arrow hits you!
The centaur shoots an arrow.
The arrow closely misses you.
The centaur shoots an arrow.
You block the arrow.
The centaur shoots an arrow.
The arrow hits you!
The centaur shoots an arrow.
The arrow hits you!
The centaur shoots an arrow.
The arrow hits you!
* * * LOW HITPOINT WARNING * * *
The centaur shoots an arrow.
The arrow barely misses you.
The centaur shoots an arrow.
The arrow misses you.
The centaur shoots an arrow.
The arrow hits you!
* * * LOW HITPOINT WARNING * * *
The centaur shoots an arrow.
You block the arrow.
The centaur shoots an arrow.
The arrow hits you.
* * * LOW HITPOINT WARNING * * *
The centaur shoots an arrow.
The arrow hits you!
You die... #.PcP

.# ## ##.PP .#
..... .... ..#
#.##.#
..##...#
.....# #....#
.....# #c#
....## #.#
...... #.#
....###### #@#
....##...# #.#
....##...###
#.#
####.......#
#.#
...........#
#.#
####.......#
#.# ###...###
#.#
#...#######.##
##.......##..#


You could see a centaur.

Vanquished Creatures
  A water moccasin (D:5)
  Pargi (D:3)
  A black bear (D:5)
  3 ogres
  A bullfrog (D:2)
  A scorpion (D:5)
  3 wights (D:4)
  A human zombie (D:4)
  A bullfrog zombie (D:4)
  A centaur zombie (D:4)
  A hound (D:5)
  2 orc wizards
  2 hound zombies (D:4)
  2 mummies (D:4)
  Robin (D:2)
  A gnoll (D:1)
  12 adders
  2 adder zombies (D:4)
  3 dart slugs
  11 orcs
  9 endoplasms
  A giant cockroach (D:4)
  16 goblins
  10 hobgoblins
  20 jackals
  5 kobolds
  6 quokkas
  8 ball pythons
  2 bats
  4 frilled lizards
  3 rats
135 creatures vanquished.

Notes
Turn   | Place    | Note
-------+----------+-------------------------------------------
     0 | D:1      | 2FriedEggs the Troll Fighter began the quest for the Orb.
     0 | D:1      | Reached XP level 1. HP: 22/22 MP: 0/0
   161 | D:1      | Reached XP level 2. HP: 29/29 MP: 1/1
   383 | D:1      | Reached skill level 3 in Unarmed Combat
   383 | D:1      | Reached XP level 3. HP: 36/36 MP: 2/2
   903 | D:2      | Reached XP level 4. HP: 44/44 MP: 3/3
  1112 | D:2      | Found Waabriej's Assorted Antiques.
  1117 | D:2      | Bought a scroll labelled KOREIN PE FEORPH for 22 gold
                  | pieces
  1117 | D:2      | Bought a scroll labelled NORIH QITI for 22 gold pieces
  1117 | D:2      | Bought a scroll labelled CARUNEKOQOI for 22 gold pieces
  1119 | D:2      | Bought a golden potion for 19 gold pieces
  1119 | D:2      | Bought a grey potion for 19 gold pieces
  1175 | D:3      | Noticed a bullfrog
  1194 | D:2      | Killed a bullfrog
  1195 | D:2      | Reached skill level 4 in Unarmed Combat
  1195 | D:2      | Reached XP level 5. HP: 16/53 MP: 4/4
  1547 | D:2      | Noticed Robin
  1571 | D:2      | Killed Robin
  1793 | D:3      | Noticed Pargi
  1805 | D:3      | Killed Pargi
  1806 | D:3      | Reached XP level 6. HP: 47/61 MP: 5/5
  1842 | D:3      | Reached skill level 5 in Unarmed Combat
  2278 | D:4      | Found a sacrificial altar of Ru.
  2580 | D:4      | Found an ancient bone altar of Kikubaaqudgha.
  2593 | D:4      | Reached XP level 7. HP: 68/68 MP: 6/6
  2656 | D:4      | Reached skill level 6 in Unarmed Combat
  2730 | D:4      | Found an iron altar of Okawaru.
  3205 | D:5      | Entered Level 5 of the Dungeon
  3438 | D:5      | Reached skill level 5 in Shields
  3438 | D:5      | Reached skill level 7 in Unarmed Combat
  3438 | D:5      | Reached XP level 8. HP: 79/79 MP: 7/7
  3532 | D:5      | Found a blossoming altar of Fedhas.
  3736 | D:5      | Shot with an arrow by a centaur

Illustrated notes

Levels and vault maps discovered:
D:1:      minmay_arrival_open_corners, layout_basic, minmay_misc_feat_tower
D:2:      minmay_evil_eye, layout_loops_cross, serial_shops,
          nicolae_shop_hallway_plus, hangedman_decor_growths, uniq_robin
D:3:      layout_rooms, serial_bayou_pond_e, uniq_pargi
D:4:      layout_loops_corners, okawaru_gym_becter,
          lemuel_mausoleum_altar_kikubaaqudgha, nicolae_ru_sacrificial_ziggurat
D:5:      layout_loops_ring, fedhas_bush_and_centaur_altar

Skill      XL: |  1  2  3  4  5  6  7 |
---------------+----------------------+-----
Unarmed Combat | 3 4 5 7 |  7.5
Shields        | 3 4 5 |  5.2
Fighting       | 3 4 |  4.9
Dodging        | |  2.4

Action                     |  1- 3 |  4- 6 |  7- 9 || total
---------------------------+-------+-------+-------++-------
  Melee: Unarmed           |   105 |   205 |   118 ||   428
    Use: Scroll            |       |     2 |       ||     2
         Potion            |       |     1 |       ||     1
   Stab: Sleeping          |       |     1 |       ||     1
 Armour: Robe              |    21 |    57 |    13 ||    91
  Dodge: Dodged            |    33 |    80 |    28 ||   141
  Block: Kite shield       |    31 |    97 |    42 ||   170

Table legend: (Time is in decaauts)
 A = Elapsed time spent in this place.
 B = Non-inter-level travel time spent in this place.
 C = Inter-level travel time spent in this place.
 D = Time resting spent in this place.
 E = Time spent auto-exploring this place.
 F = Levels seen in this place.
 G = Mean time per level.
                   A        B        C        D        E       F      G
               +--------+--------+--------+--------+--------+-----+--------+
         Total |   3745 |   3632 |    113 |    102 |   2640 |   5 |  749.0 |
       Dungeon |   3745 |   3632 |    113 |    102 |   2640 |   5 |  749.0 |
               +--------+--------+--------+--------+--------+-----+--------+

Top non-repeatable levels by time:
     D:4: 1062 daAuts
     D:2: 894 daAuts
     D:1: 755 daAuts
     D:5: 528 daAuts
     D:3: 503 daAuts
